 Dungeon Crawl Stone Soup version 0.30-a0-1043-g60ff8d5f49 (webtiles) character file.

Game seed: 17281523426735871599

9 GigaChad the Shield-Bearer (level 2, -5/24 HPs)
             Began as a Formicid Fighter on Apr 11, 2023.
             Killed from afar by Terence (8 damage)
             ... with a puff of flame
             ... on level 2 of the Dungeon.
             The game lasted 00:01:01 (597 turns).

GigaChad the Shield-Bearer (Formicid Fighter)        Turns: 597, Time: 00:01:02

Health: -5/24      AC: 12    Str: 20    XL:     2   Next: 25%
Magic:  2/2        EV:  5    Int:  7    God:
Gold:   74         SH:  5    Dex: 13    Spells: 1/1 levels left

rFire   . . .      SeeInvis +    a - +0 war axe
rCold   . . .      Faith    .    c - +0 buckler
rNeg    . . .      Spirit   .    g - +1 plate armour
rPois   .          Reflect  .    (helmet unavailable)
rElec   .          Rampage  .    (no cloak)
rCorr   .                        (no gloves)
Will    .....                    (no boots) Stlth
                                 (no amulet)
HPRegen 0.24/turn                (no ring)
MPRegen 0.08/turn                (no ring)

@: no status effects
A: permanent stasis, dig shafts and tunnels, antennae 3, four strong arms
a: Dig, Shaft Self


You were on level 2 of the Dungeon.
You visited 1 branch of the dungeon, and saw 2 of its levels.

You collected 74 gold pieces.

Inventory:

Hand Weapons
 a - a +0 war axe (weapon)
Armour
 b - a +0 scale mail
 c - a +0 buckler (worn)
 g - a +1 plate armour (worn)
Potions
 d - a potion of might
 e - a potion of flight {unknown}
 f - 2 potions of haste {unknown}
 h - a potion of curing {unknown}


   Skills:
 + Level 3.5 Fighting
 * Level 2.1 Axes
 + Level 3.5 Armour
 + Level 4.2 Shields


You had one spell level left.
You didn't know any spells.
Your spell library was empty.

Dungeon Overview and Level Annotations

Branches:
Dungeon (2/15)

Altars:

Annotations:
D:2 Terence


Innate Abilities, Weirdness & Mutations

You cannot be hasted, slowed, berserked, paralysed or teleported.
You can dig through walls and to a lower floor.
You have a pair of large antennae on your head. (SInv)
Your four strong arms can wield two-handed weapons with a shield.


Message History

The hobgoblin moves out of view.
You closely miss the frilled lizard. You block the frilled lizard's attack.
Terence zaps a wand.
The puff of flame hits you!
Ouch! That really hurt!
* * * LOW HITPOINT WARNING * * *
You are too injured to fight recklessly!
You are too injured to fight recklessly!
You are too injured to fight recklessly!
You are too injured to fight recklessly!
Unknown command.
You are too injured to fight recklessly!
The frilled lizard bites you but does no damage.
The frilled lizard attacks as you move away!
The frilled lizard bites you but does no damage.
Found a scroll labelled GYHIJI HOMITS.
The frilled lizard attacks as you move away!
The frilled lizard barely misses you.
You hit Terence but do no damage. You miss the frilled lizard.
You block the frilled lizard's attack. Terence closely misses you.
You slash Terence!
Terence is heavily wounded.
You barely miss the frilled lizard.
The frilled lizard bites you but does no damage.
Terence hits you but does no damage.
Terence zaps a wand.
The puff of flame hits you.
* * * LOW HITPOINT WARNING * * *
The hobgoblin hits you but does no damage.
The frilled lizard bites you but does no damage.
You hit Terence but do no damage.
Terence is heavily wounded.
You slash the frilled lizard!
You kill the frilled lizard!
You hit the hobgoblin. The hobgoblin barely misses you.
Terence hits you but does no damage.
You hit Terence.
Terence is severely wounded.
You barely miss the hobgoblin.
The hobgoblin hits you but does no damage.
Terence zaps a wand.
The puff of flame hits you!
You die...

#..........#
#..........#
#..........#
#..........#
#..........###
#.....<.......
####...........##
......g†.>.......
##.####@#.....###
.. #@#.##.... !
..... .###.
...#.## # .......
#..... .. #....?
... #...... ...


You could see Terence and a hobgoblin.

Vanquished Creatures
  3 bats (D:1)
  An endoplasm (D:1)
  A hobgoblin (D:1)
  3 frilled lizards
  2 rats (D:1)
10 creatures vanquished.

Notes
Turn   | Place    | Note
-------+----------+-------------------------------------------
     0 | D:1      | GigaChad the Formicid Fighter began the quest for the Orb.
     0 | D:1      | Reached XP level 1. HP: 18/18 MP: 1/1
   204 | D:1      | Reached XP level 2. HP: 24/24 MP: 2/2
   587 | D:2      | Noticed Terence
   597 | D:2      | Killed from afar by Terence

Illustrated notes

Levels and vault maps discovered:
D:1:      reono_arrival_forest_river, layout_loops_ring
D:2:      layout_basic, hellmonk_ecumenical_altar_leap_of_faith,
          minmay_tromino_i2, uniq_terence

Action                     || total
---------------------------++-------
  Melee: War axe           ||    21
    Use: Scroll            ||     2
 Armour: Scale mail        ||     7
         Plate armour      ||    12
  Dodge: Dodged            ||     8
  Block: Buckler           ||     4

Table legend: (Time is in decaauts)
 A = Elapsed time spent in this place.
 B = Non-inter-level travel time spent in this place.
 C = Inter-level travel time spent in this place.
 D = Time resting spent in this place.
 E = Time spent auto-exploring this place.
 F = Levels seen in this place.
 G = Mean time per level.
                   A        B        C        D        E       F      G
               +--------+--------+--------+--------+--------+-----+--------+
         Total |    610 |    604 |      6 |      0 |    517 |   2 |  305.0 |
       Dungeon |    610 |    604 |      6 |      0 |    517 |   2 |  305.0 |
               +--------+--------+--------+--------+--------+-----+--------+

Top non-repeatable levels by time:
     D:1: 598 daAuts
     D:2: 11 daAuts
